 Dungeon Crawl Stone Soup version 0.24-a0-447-ge8da9206dc (webtiles) character file.

Game seed: 7157927664071428967

492 pk666 the Magician (level 6, -1/32 HPs)
             Began as a Deep Elf Wizard on June 25, 2019.
             Slain by a worker ant (7 damage)
             ... on level 4 of the Dungeon.
             The game lasted 00:10:09 (3901 turns).

pk666 the Magician (Deep Elf Wizard)                Turns: 3901, Time: 00:10:11

Health: -1/32      AC:  3    Str:  4    XL:     6   Next: 91%
Magic:  2/17       EV: 10    Int: 25    God:
Gold:   184        SH:  0    Dex: 13    Spells: 9/18 levels left

rFire    . . .     SeeInvis .   h - +1 dagger
rCold    . . .     Gourm    .   (no shield)
rNeg     . . .     Faith    .   a - +0 robe
rPois    .         Spirit   .   b - +0 hat
rElec    .         Reflect  .   (no cloak)
rCorr    .         Harm     .   (no gloves)
MR       .....                  l - +0 pair of boots
Stlth    ++........             (no amulet)
HPRegen  0.10/turn              q - -3 ring of evasion (curse)
MPRegen  0.15/turn              (no ring)

@: lethally poisoned (-1 -> -7), very slightly contaminated
A: no striking features
a: no special abilities


You were on level 4 of the Dungeon.
You were not hungry.

You visited 1 branch of the dungeon, and saw 4 of its levels.

You collected 184 gold pieces.

Inventory:

Hand Weapons
 h - a +1 dagger (weapon)
Armour
 a - a +0 robe (worn)
 b - a +0 hat (worn)
 l - a +0 pair of boots (worn)
Jewellery
 q - a cursed -3 ring of evasion (left hand)
Scrolls
 e - 2 scrolls of fear
 f - 2 scrolls of identify
 i - 8 scrolls of magic mapping
 k - 6 scrolls of teleportation
 m - 2 scrolls of blinking
 o - a scroll of immolation {unknown}
Potions
 c - a potion of flight {unknown}
 g - a potion of agility
 j - a potion of resistance {unknown}
 n - a potion of heal wounds {unknown}
Comestibles
 d - 5 rations


   Skills:
 - Level 3.2 Dodging
 - Level 2.4 Stealth
 + Level 6.6 Spellcasting
 + Level 4.2 Conjurations
   Level 1.1 Summonings
 - Level 2.3 Translocations
 + Level 3.4 Fire Magic
 - Level 2.0 Poison Magic


You had 9 spell levels left.
You knew the following spells:

 Your Spells              Type           Power        Failure   Level  Hunger
a - Magic Dart            Conj           ####         1%          1    None
b - Blink                 Tloc           N/A          4%          2    None
c - Conjure Flame         Conj/Fire      ####....     4%          3    None
d - Mephitic Cloud        Conj/Pois/Air  ###.....     9%          3    None

Your spell library contained the following spells:

 Spells                   Type           Power        Failure   Level  Hunger
 Call Imp                 Summ           ##......     7%          2    None
 Slow                     Hex            #.......     11%         2    None


Dungeon Overview and Level Annotations

Branches:
Dungeon (4/15)
 Temple: D:4-7

Altars:


Message History

a +0 club; an orc corpse The worker ant waves its antennae.
The worker ant waves its antennae.
The worker ant barely misses you. The worker ant closely misses you.
The worker ant bites you. The worker ant bites you.
* * * LOW HITPOINT WARNING * * *
You are lethally poisoned!
The worker ant poisons you!
* * * LOW HITPOINT WARNING * * *
You feel sick.
You see here a quokka skeleton.
Casting: Blink (safe; 4% risk of failure)
Confirm with . or Enter, or press ? or * to list all spells.
You miscast Blink.
You are very lightly contaminated with residual magic.
The floor and the ceiling briefly switch places.
* * * LOW HITPOINT WARNING * * *
You feel sick. The worker ant bites you!
You die...

#....# #....# #....##
#...(#.
#################....#.
................'....+>
###.##.#########....#.
#.#...#.#.# #....#.
#..@a...P♣♣###....#'
♣♣♣.♣.P.♣♣.♣#.......
♣...♣..♣♣..#.†.....
♣♣♣♣♣...♣♣♣♣...#.......
♣....P..♣.)...##.......
♣.P...♣♣...P♣♣##.......
#..P♣♣.......♣ #.......
#♣♣.....♣♣♣♣♣♣ #######'
♣§♣.♣♣a♣♣.♣♣P♣♣ #.


You could see a worker ant.

Vanquished Creatures
  Grinder (D:4)
  Natasha (thrice) (D:3)
  A hound skeleton (D:4)
  Robin (D:3)
  2 gnolls (D:4)
  4 adders
  3 oozes
  2 worms
  2 dart slugs
  9 orcs
  11 bats
  4 giant cockroaches
  25 goblins
  8 hobgoblins
  9 jackals
  5 quokkas
  2 ball pythons
  7 frilled lizards
  7 kobolds
  7 rats
113 creatures vanquished.

Notes
Turn   | Place    | Note
-------+----------+-------------------------------------------
     0 | D:1      | pk666 the Deep Elf Wizard began the quest for the Orb.
     0 | D:1      | Reached XP level 1. HP: 10/10 MP: 7/7
   219 | D:1      | Reached XP level 2. HP: 15/15 MP: 7/9
   789 | D:1      | Reached XP level 3. HP: 19/19 MP: 3/11
   809 | D:1      | Reached skill level 5 in Spellcasting
   852 | D:1      | Learned a level 2 spell: Blink
   856 | D:1      | Learned a level 3 spell: Conjure Flame
   860 | D:1      | Learned a level 3 spell: Mephitic Cloud
  1412 | D:2      | Reached skill level 1 in Poison Magic
  1446 | D:2      | Reached skill level 1 in Fire Magic
  1461 | D:2      | Reached XP level 4. HP: 24/24 MP: 11/13
  2227 | D:3      | Noticed Natasha
  2251 | D:3      | Killed Natasha
  2561 | D:3      | Reached XP level 5. HP: 28/28 MP: 4/15
  2586 | D:3      | Noticed Natasha
  2724 | D:3      | Killed Natasha
  3232 | D:3      | Noticed Robin
  3237 | D:3      | Noticed Natasha
  3244 | D:3      | Killed Natasha
  3247 | D:3      | Killed Robin
  3247 | D:3      | Reached skill level 6 in Spellcasting
  3551 | D:4      | Reached XP level 6. HP: 32/32 MP: 4/17
  3845 | D:4      | Noticed Grinder
  3860 | D:4      | Killed Grinder
  3901 | D:4      | Slain by a worker ant

Levels and vault maps discovered:
D:1:      mrwooster_arrival_arrow, layout_loops_ring
D:2:      layout_basic, first_ration
D:3:      minmay_spotlight, layout_loops_cross, uniq_robin, uniq_natasha
D:4:      wad_woods_tower, layout_basic, minmay_misc_feat_x, tgw_kikubaaqudgha,
          uniq_grinder

Skill      XL: |  1  2  3  4  5  6 |
---------------+-------------------+-----
Dodging        | 3 |  3.2
Conjurations   | 2 3 4 |  4.2
Spellcasting   | 5 6 |  6.6
Poison Magic   | 1 2 |  2.0
Fire Magic     | 1 2 3 |  3.4
Translocations | 2 |  2.3
Stealth        | |  2.4
Summonings     | |  1.1

Action                   |  1- 3 |  4- 6 || total
-------------------------+-------+-------++-------
Melee: Dagger            |    16 |     4 ||    20
 Cast: Magic Dart        |    78 |   184 ||   262
       Conjure Flame     |       |     4 ||     4
       Mephitic Cloud    |       |     1 ||     1
       Blink             |       |     1 ||     1
  Use: Scroll            |       |     9 ||     9
  Eat: Chunk             |     1 |     8 ||     9
Armor: Robe              |    12 |    12 ||    24
Dodge: Dodged            |    23 |    25 ||    48

Table legend:
 A = Non-vault XP
 B = Vault XP
 C = Vault XP percentage of total XP
 D = Non-vault monster count
 E = Vault monster count
 F = Vault count percentage of total count
                 A         B        C        D         E       F
            +---------+---------+-------+---------+---------+-------
      Total |     300 |     403 |  57.3 |      89 |      24 |  21.2
            +---------+---------+-------+---------+---------+-------
        D:1 |      64 |       0 |   0.0 |      26 |       0 |   0.0
        D:2 |      58 |       0 |   0.0 |      26 |       0 |   0.0
        D:3 |     140 |      91 |  39.4 |      28 |      18 |  39.1
        D:4 |      38 |     312 |  89.1 |       9 |       6 |  40.0
            +---------+---------+-------+---------+---------+-------
